 Dungeon Crawl Stone Soup version 0.29.0-4-gdea44cf6ec (webtiles) character file.

Game seed: 17482993093795752389

5 qw the Sneak (level 1, -4/14 HPs)
             Began as a Gargoyle Delver on Sept 10, 2022.
             Slain by a scorpion (5 damage)
             ... on level 5 of the Dungeon.
             The game lasted 00:00:04 (261 turns).

qw the Sneak (Gargoyle Delver)                       Turns: 261, Time: 00:00:05

Health: -4/14      AC:  5    Str: 15    XL:     1   Next: 80%
Magic:  1/1        EV: 11    Int: 10    God:
Gold:   11         SH:  0    Dex: 11    Spells: 0/0 levels left

rFire   . . .      SeeInvis .   a - +0 hand axe
rCold   . . .      Faith    .   (no shield)
rNeg    + . .      Spirit   .   b - +0 leather armour
rPois   inf        Reflect  .   (no helmet)
rElec   +          Harm     .   (no cloak)
rCorr   .          Rampage  .   (no gloves)
Will    .....                   (no boots)
Stlth   +++.......              (no amulet)
HPRegen 0.04/turn               (no ring)
MPRegen 0.07/turn               (no ring)

@: no status effects
A: sickness immunity, AC +2, negative energy resistance 1, electricity
resistance, torment resistance 1, petrification resistance
a: no special abilities


You were on level 5 of the Dungeon.
You visited 1 branch of the dungeon, and saw 1 of its levels.

You collected 11 gold pieces.


Innate Abilities, Weirdness & Mutations

You are immune to sickness and miasma.
Your stone body is resilient. (AC +2)
You are immune to poison.
You resist negative energy. (rN+)
You are resistant to electric shocks. (rElec)
You are resistant to unholy torment.
You are immune to petrification.


   Skills:
 - Level 3.2 Fighting
 + Level 2.2 Axes
 - Level 1.5 Dodging
 - Level 5.4 Stealth


You couldn't memorise any spells.
You didn't know any spells.
Your spell library was empty.

Inventory:

Hand Weapons
 a - a +0 hand axe (weapon)
Armour
 b - a +0 leather armour (worn)
Wands
 g - a wand of digging (3)
Scrolls
 c - a scroll of fog
 d - a scroll of magic mapping
 e - a scroll of fear
Potions
 f - a potion of haste

Dungeon Overview and Level Annotations

Branches:
Dungeon (5/15)
 Temple: D:4-7

Altars:
Gozag

Shops:
D:5 *


Message History

The ufetubus barely misses you.
You completely miss the ufetubus.
The ufetubus is heavily wounded.
The ufetubus hits you. x2
You hit the ufetubus.
You kill the ufetubus!
Your Axes skill increases to level 2!
You start resting.
You hear a distant slurping noise.
A jelly comes into view.
85 ||| Stepping ~*~*~tactically~*~*~ (stealth).
You see here 8 gold pieces.
86 ||| Stepping ~*~*~tactically~*~*~ (stealth).
You start resting.
A jelly is nearby!
219 ||| Stepping ~*~*~tactically~*~*~ (stealth).
You start resting.
HP restored.
There is a stone staircase leading down here.
You now have 8 gold pieces.
You hear a distant slurping noise.
You now have 11 gold pieces (gained 3).
There is a stone staircase leading down here.
Found a book of Spatial Translocations.
A scorpion comes into view.
A scorpion is nearby!
You barely miss the scorpion. The scorpion stings you.
You barely miss the scorpion. The scorpion stings you.
You hit the scorpion.
The scorpion is moderately wounded.
The scorpion stings you. The scorpion completely misses you.
You hit the scorpion.
The scorpion is severely wounded.
The scorpion barely misses you.
You completely miss the scorpion.
The scorpion is severely wounded.
The scorpion stings you.
You die...

#......##.....##..
#.......#........
#.......#........
#.......#.....##.
#########.....#
#......##.....##.
#................
#......:.........
#.....s@.........
###.##.#..######.
.. #####... .
..... ......
...... !..... ....


You could see a scorpion.

Vanquished Creatures
  An ufetubus (D:5)
1 creature vanquished.

Notes
Turn   | Place    | Note
-------+----------+-------------------------------------------
     0 | D:5      | qw the Gargoyle Delver began the quest for the Orb.
     0 | D:5      | Reached XP level 1. HP: 14/14 MP: 1/1
     0 | D:5      | 0 ||| qw: Version: 0.1-a-116-g5d60599
     0 | D:5      | 0 ||| qw: Game counter: 8253
     0 | D:5      | 0 ||| qw: Always use a shield: true
     0 | D:5      | 0 ||| qw: God list: Okawaru
     0 | D:5      | 0 ||| qw: Allow faded altars: false
     0 | D:5      | 0 ||| qw: Do Orc after D:15 true
     0 | D:5      | 0 ||| qw: Do second Lair branch before Depths: true
     0 | D:5      | 0 ||| qw: Lair rune preference: random
     0 | D:5      | 0 ||| qw: Plans: Normal
     0 | D:5      | 0 ||| PLANNING D:1-11
    15 | D:5      | 15 ||| SHOPLISTING +1 robe "Xixze" {Str+4} (2110 gold, have
                  | 0).
    15 | D:5      | 15 ||| SHOPLISTING ring "Feinitaq" {Wiz Int+6 Dex+5 SInv}
                  | (6430 gold, have 0).
    15 | D:5      | 15 ||| SHOPLISTING ring "Qist" {rF+ rN+} (3400 gold, have
                  | 0).
    23 | D:5      | 23 ||| Stepping ~*~*~tactically~*~*~ (stealth).
    84 | D:5      | Noticed a jelly
    85 | D:5      | 85 ||| Stepping ~*~*~tactically~*~*~ (stealth).
    86 | D:5      | 86 ||| Stepping ~*~*~tactically~*~*~ (stealth).
   219 | D:5      | 219 ||| Stepping ~*~*~tactically~*~*~ (stealth).
   243 | D:5      | Noticed a scorpion
   259 | D:5      | HP: 1/14 [scorpion (4)]
   261 | D:5      | Slain by a scorpion

Levels and vault maps discovered:
D:5:      layout_gridville, mainiacjoe_overflow_24_doors,
          nicolae_gozag_zags_fifth_avenue, minmay_fountain_box

Skill      XL: |  1 |
---------------+----+-----
Axes           | 2 |  2.2
Fighting       | |  3.2
Dodging        | |  1.5
Stealth        | |  5.4

Action                   || total
-------------------------++-------
Melee: Hand axe          ||    12
Armor: Leather armour    ||     5
Dodge: Dodged            ||    11

Table legend:
 A = Non-vault XP
 B = Vault XP
 C = Vault XP percentage of total XP
 D = Non-vault monster count
 E = Vault monster count
 F = Vault count percentage of total count
                 A         B        C        D         E       F
            +---------+---------+-------+---------+---------+-------
      Total |       8 |       0 |   0.0 |       1 |       0 |   0.0
            +---------+---------+-------+---------+---------+-------
        D:5 |       8 |       0 |   0.0 |       1 |       0 |   0.0
            +---------+---------+-------+---------+---------+-------
